 Dungeon Crawl Stone Soup version 0.31.0-4-g52a2dc7128 (webtiles) character file.

Game seed: 6299179554587606491

13419 MollyMolluskus the Grappler (level 12, -3/73 HPs)
             Began as an Octopode Fighter on Jan 22, 2024.
             Was a Believer of Wu Jian.
             Slain by an orange demon (5 damage)
             ... led by Amaemon
             ... on level 9 of the Dungeon.
             The game lasted 00:30:00 (9745 turns).

MollyMolluskus the Grappler (Octopode Fighter)      Turns: 9745, Time: 00:30:01

Health: -3/73      AC:  1    Str: 19    XL:     12   Next: 5%
Magic:  12/12      EV: 19    Int: 12    God:    Wu Jian [**....]
Gold:   461        SH:  0    Dex: 23    Spells: 11/11 levels left

rFire   . .          .
                       - Unarmed
rCold   . . .        a - melded +2 buckler
rNeg    . . .        (helmet restricted)
rPois   +            (no amulet)
rElec   .            l - ring of poison resistance
rCorr   .            o - +6 ring of dexterity
SInv    .            e - +6 ring of dexterity
Will    .....        q - ring of flight
Stlth   ++++         (no ring)
HPRegen 0.32/turn    (no ring)
MPRegen 0.13/turn    (no ring)
                     (no ring)

%: no passive effects
@: blade tentacles, flying
A: reduced hp, almost no armour, amphibious, 8 rings, camouflage 1, gelatinous
body 1, (nimble swimmer 1), tentacles
a: Begin Untransformation, Renounce Religion, Wall Jump


You were on level 9 of the Dungeon.
You worshipped Wu Jian.
Wu Jian was pleased with you.
You had blades for main tentacles.
You visited 1 branch of the dungeon, and saw 9 of its levels.
You also visited: Sewer and Bailey.

You collected 461 gold pieces.

Inventory:

Missiles
 b - 18 boomerangs (quivered)
 d - 16 poisoned darts
 r - 2 curare-tipped darts
 y - 3 throwing nets
Armour
 a - a +2 buckler (melded)
Jewellery
 e - a +6 ring of dexterity (on tentacle)
 l - a ring of poison resistance (left blade tentacle)
 o - a +6 ring of dexterity (right blade tentacle)
 q - a ring of flight (on tentacle)
Talismans
 h - a blade talisman (active)
Wands
 f - a wand of roots (8)
 i - a wand of flame (32)
 u - a wand of polymorph (3)
Scrolls
 k - 4 scrolls of teleportation
 m - 2 scrolls of summoning
 n - 5 scrolls of blinking
 v - a scroll of revelation
 A - a scroll of silence
Potions
 c - 2 potions of enlightenment
 g - 3 potions of curing
 j - a potion of invisibility
 p - a potion of mutation
 s - a potion of attraction
 t - a potion of ambrosia
 w - a potion of haste
 x - 2 potions of magic
 z - 2 potions of cancellation


   Skills:
 + Level 8.7 Fighting
 - Level 8.0 Dodging
 - Level 4.0 Stealth
 - Level 4.0 Shields
 * Level 11.8 Unarmed Combat
 + Level 8.7 Shapeshifting


You had 11 spell levels left.
You didn't know any spells.
Your spell library contained the following spells:

 Spells                   Type           Power      Damage    Failure   Level
 Sandblast                Erth           0%         2d4       32%         1
 Slow                     Hex            0%         N/A       32%         1
 Ensorcelled Hibernation  Hex/Ice        0%         N/A       45%         2
 Confusing Touch          Hex            0%         N/A       69%         3
 Dazzling Flash           Conj/Hex       0%         N/A       69%         3
 Passwall                 Erth           0%         N/A       69%         3
 Sigil of Binding         Hex            0%         N/A       69%         3
 Stone Arrow              Conj/Erth      0%         3d7       69%         3
 Swiftness                Air            0%         N/A       69%         3
 Vampiric Draining        Necr           0%         2d6       69%         3
 Volatile Blastmotes      Fire/Tloc      0%         2d10      69%         3
 Brom's Barrelling Bould  Conj/Erth      0%         2d3       97%         4
 Fulminant Prism          Conj/Alch      0%         3d5       97%         4
 Iskenderun's Mystic Bla  Conj/Tloc      0%         2d3       97%         4
 Summon Forest            Summ/Tloc      0%         N/A       100%        5
 Summon Mana Viper        Hex/Summ       0%         N/A       100%        5
 Starburst                Conj/Fire      0%         6d3       100%        6
 Summon Cactus Giant      Summ           0%         N/A       100%        6
 Maxwell's Capacitive Co  Air            0%         ∞         100%        8


Dungeon Overview and Level Annotations

Branches:
Dungeon (9/15)             Temple (0/1) D:7           Sewer (visited)
 Bailey (visited)
   Lair: D:8-11         Orc: D:9-12

Altars:
Gozag
Hepliaklqana
Ru
Trog
Wu Jian
Xom
Zin

Shops:
D:4 *

Annotations:
D:2 1 runed translucent door, Crazy Yiuf
D:8 6 transporters, 1 runed translucent door


Innate Abilities, Weirdness & Mutations

You have blades for main tentacles.
Your maximum health is decreased, since you lack skill for your form.
You are incapable of wielding weapons or throwing items.
You cannot wear most types of armour.
You are amphibious.
You can wear up to eight rings at the same time.
Your skin changes colour to match your surroundings (Stealth+).
Your rubbery body absorbs attacks. (AC +1, EV +1)
((You are camouflaged when in or above water. (Stealth+)))
You have tentacles for arms and can constrict up to eight enemies at once.


Message History

An orange demon comes into view.
The orange demon screeches!
You slice Amaemon!! Your grab misses Amaemon. Your squeeze misses Amaemon.
Amaemon is moderately wounded.
Amaemon hits you with a -1 demon whip of venom!
Amaemon completely misses you. Amaemon misses you.
You slice Amaemon!! Your grab misses Amaemon.
Amaemon is severely wounded.
Amaemon closely misses you. Amaemon claws you! Amaemon misses you.
The orange demon stings you from afar!
You are poisoned.
The orange demon poisons you!
You lunge at the orange demon.
You closely miss the orange demon. You grab the orange demon.
You spin and attack Amaemon.
You slice Amaemon!! You grab Amaemon. Your slash misses Amaemon.
Amaemon is almost dead.
You constrict Amaemon. You constrict the orange demon.
You feel very sick.
Amaemon hits you with a -1 demon whip of venom!
Amaemon claws you!
* * * LOW HITPOINT WARNING * * *
Amaemon closely misses you. The orange demon barely misses you. x2
Unknown command.
Unknown command.
You feel better.
You constrict Amaemon. You constrict the orange demon.
Amaemon barely misses you. Amaemon misses you. Amaemon closely misses you.
The orange demon stings you!
* * * LOW HITPOINT WARNING * * *
The orange demon barely misses you.
Unknown command.
You slash Amaemon!
You kill Amaemon!
The Council accepts your kill.
You constrict the orange demon. The orange demon closely misses you.
The orange demon hits you.
* * * LOW HITPOINT WARNING * * *
You feel better.
You constrict the orange demon. The orange demon stings you!
* * * LOW HITPOINT WARNING * * *
The orange demon hits you.
You die...

.. #.# .# #.# .# ##.##
.## ...# ### #.... #..#
..#..##.# #..#
#.#4##.#########..#
#)@...............#
#.####.##.###.###.# #.#
#.##.# #.# #.#
######.####.##.###.# #.#
#..................###.#
#.#.#.....#..........<..#
#..#.#....##.######.##
##...†..#.....# #.#
#..#.#....##..# #.#


You could see an orange demon.

Vanquished Creatures
  An orc warlord (Bailey)
  A two-headed ogre (D:7)
  Amaemon (D:9)
  Pikel (D:4)
  Maggie (D:8)
  Grinder (D:3)
  Prince Ribbit (D:5)
  A hornet (D:8)
  Sigmund (D:3)
  Eustachio (D:6)
  4 vampire mosquitoes (D:7)
  A water moccasin (D:5)
  4 orc warriors (Bailey)
  2 sky beasts
  A black bear (D:7)
  An ice beast (D:7)
  An ogre (D:8)
  A lemure (D:4)
  Blork the orc (D:5)
  2 bullfrogs
  2 kobold brigands (D:8)
  A gnoll sergeant (D:8)
  4 scorpions
  8 wights
  3 killer bees (D:8)
  8 howler monkeys
  3 bombardier beetles
  4 hounds
  3 jellies
  2 gnoll boudas
  3 orc priests
  Ijyb (D:5)
  Jessica (D:3)
  An iguana (D:6)
  2 sleepcaps
  Natasha (thrice) (D:2)
  An orc wizard (D:5)
  Robin (D:3)
  13 gnolls
  17 adders
  2 shadow imps
  2 white imps (D:7)
  4 ufetubi
  5 ribbon worms
  12 dart slugs
  19 orcs
  15 endoplasms
  12 giant cockroaches
  20 goblins
  15 hobgoblins
  21 kobolds
  9 quokkas
  22 ball pythons
  4 bats
  13 frilled lizards
  5 rats
289 creatures vanquished.

Notes
Turn   | Place    | Note
-------+----------+-------------------------------------------
     0 | D:1      | MollyMolluskus the Octopode Fighter began the quest for the
                  | Orb.
     0 | D:1      | Reached XP level 1. HP: 16/16 MP: 1/1
   142 | D:1      | Reached XP level 2. HP: 21/21 MP: 2/2
   189 | D:1      | Found a faded altar of an unknown god.
   199 | D:1      | Reached skill level 1 in Stealth
   813 | D:1      | Reached XP level 3. HP: 22/26 MP: 3/3
  1009 | D:2      | Reached skill level 3 in Unarmed Combat
  1010 | D:2      | Reached XP level 4. HP: 16/31 MP: 4/4
  1278 | D:2      | Noticed Natasha
  1284 | D:2      | Killed Natasha
  1343 | D:2      | Noticed Natasha
  1349 | D:2      | Killed Natasha
  1350 | D:2      | Reached XP level 5. HP: 36/36 MP: 5/5
  1358 | D:2      | Found a runed translucent door.
  1359 | D:2      | Noticed Crazy Yiuf
  1712 | D:2      | Noticed Natasha
  1718 | D:2      | Killed Natasha
  1906 | D:3      | Found a glowing drain.
  1924 | Sewer    | Entered a sewer
  2171 | Sewer    | Reached skill level 4 in Unarmed Combat
  2171 | Sewer    | Reached XP level 6. HP: 43/43 MP: 6/6
  2520 | D:3      | Noticed Sigmund
  2527 | D:3      | Killed Sigmund
  2528 | D:3      | Reached XP level 7. HP: 40/48 MP: 7/7
  2570 | D:3      | Noticed Grinder
  2641 | D:3      | Paralysed by Grinder for 5 turns
  2651 | D:3      | Killed Grinder
  2652 | D:3      | Reached skill level 5 in Unarmed Combat
  2889 | D:3      | Noticed Jessica
  2897 | D:3      | Killed Jessica
  2927 | D:3      | Found a bloodstained altar of Trog.
  3003 | D:3      | Reached XP level 8. HP: 51/54 MP: 8/8
  3111 | D:3      | Identified the +0 helmet of the Eternal Void {rElec rPois}
  3111 | D:3      | Noticed Robin
  3235 | D:3      | Killed Robin
  3437 | D:4      | Reached skill level 6 in Unarmed Combat
  3593 | D:4      | Reached skill level 5 in Fighting
  3593 | D:4      | Reached skill level 5 in Dodging
  3621 | D:4      | Noticed Pikel
  3632 | D:4      | Killed Pikel
  3633 | D:4      | Reached skill level 7 in Unarmed Combat
  3991 | D:4      | Found Zin's Purification Station.
  3992 | D:4      | Found a glowing silver altar of Zin.
  4260 | D:4      | Reached XP level 9. HP: 61/62 MP: 9/9
  4875 | D:5      | Entered Level 5 of the Dungeon
  5180 | D:5      | Reached skill level 8 in Unarmed Combat
  5259 | D:5      | Noticed Prince Ribbit
  5268 | D:5      | Killed Prince Ribbit
  5308 | D:5      | Found an opulent altar of Gozag.
  5380 | D:5      | Noticed Blork the orc
  5385 | D:5      | Killed Blork the orc
  5391 | D:5      | Noticed Ijyb
  5396 | D:5      | Killed Ijyb
  5876 | D:5      | Found an ornate altar of the Wu Jian Council.
  5886 | D:5      | Became a worshipper of the Wu Jian Council
  6013 | D:6      | Found a shimmering altar of Xom.
  6195 | D:6      | Reached skill level 9 in Unarmed Combat
  6306 | D:6      | Found a sacrificial altar of Ru.
  6459 | D:6      | Noticed Eustachio
  6463 | D:6      | Killed Eustachio
  6759 | D:7      | Noticed a two-headed ogre
  6900 | D:7      | Reached XP level 10. HP: 32/71 MP: 10/10
  6923 | D:7      | Reached * piety under Wu Jian
  6958 | D:7      | Reached skill level 10 in Unarmed Combat
  6991 | D:7      | Found a staircase to the Ecumenical Temple.
  7065 | D:7      | Found a flagged portal.
  7081 | Bailey   | Entered a bailey
  7133 | Bailey   | Noticed an orc warlord
  7236 | Bailey   | Reached ** piety under Wu Jian
  7296 | Bailey   | Found a runed translucent gate.
  7298 | Bailey   | Found a runed translucent gate.
  7300 | Bailey   | Found a runed translucent gate.
  7497 | Bailey   | Killed an orc warlord
  8060 | D:7      | Killed a two-headed ogre
  8061 | D:7      | Reached skill level 11 in Unarmed Combat
  8193 | D:8      | Found a transporter.
  8194 | D:8      | Found a transporter.
  8268 | D:8      | Found a hazy altar of Hepliaklqana.
  8283 | D:8      | Reached XP level 11. HP: 76/78 MP: 11/11
  8361 | D:8      | Found a transporter.
  8430 | D:8      | Found a transporter.
  8674 | D:8      | Noticed Maggie
  8695 | D:8      | Killed Maggie
  8814 | D:8      | Found a transporter.
  8822 | D:8      | Found a transporter.
  9026 | D:8      | Noticed a centaur warrior
  9026 | D:8      | Noticed a six-headed hydra
  9027 | D:8      | Found a runed translucent door.
  9029 | D:8      | Noticed a manticore
  9029 | D:8      | Noticed a centaur warrior
  9029 | D:8      | Noticed an ogre mage
  9029 | D:8      | Noticed a cyclops
  9730 | D:9      | Reached XP level 12. HP: 84/84 MP: 12/12
  9735 | D:9      | Noticed Amaemon
  9744 | D:9      | Killed Amaemon
  9745 | D:9      | HP: 2/73 [orange demon[Amaemon] (10)]
  9745 | D:9      | Slain by an orange demon

Illustrated notes

Levels and vault maps discovered:
D:1:      lordsloth_arrival_two_stooges, layout_loops_ring,
          basic_ecumenical_altar, chequers_serial_rivers_micro_e,
          dreamdust_princess_corridor
D:2:      layout_basic, minmay_split_cup_large, uniq_crazy_yiuf_cottage,
          uniq_natasha
D:3:      layout_loops_cross, trog_butcher_becter, gup_sewer_entry_pipe,
          uniq_robin, uniq_grinder, uniq_jessica, uniq_sigmund
D:4:      layout_layer_cave, zin_purify, chequers_serial_rivers_small_a,
          uniq_pikel
D:5:      layout_basic, mainiacjoe_overflow_surrounded_room,
          nicolae_wu_jian_immortal_techniques, serial_bayou_crossing,
          uniq_blork_the_orc, uniq_prince_ribbit1, uniq_ijyb
D:6:      layout_basic, nicolae_ru_sacrificial_ziggurat,
          mainiacjoe_overflow_concentric_impassable, reono_crystal_passage,
          nicolae_figureground_pulse, uniq_eustachio
D:7:      layout_rooms, minmay_temple_entry_crystal_x, enter_bailey_1
D:8:      minmay_gate_of_8, layout_basic, old_standard_altar, grunt_ogre_cave,
          serial_nicolae_subway, nicolae_sub_station_stone,
          nicolae_sub_station_metal, nicolae_sub_station_crystal, uniq_maggie
D:9:      layout_loops_ring, amethyst_overflow_temple_binary,
          ebering_ghost_reflecting_pool, uniq_maurice, uniq_amaemon

Skill      XL: |  1  2  3  4  5  6  7  8  9 10 |
---------------+-------------------------------+-----
Stealth        | 1 2 3 4 |  4.0
Unarmed Combat | 3 4 5 7 9 11 | 11.8
Fighting       | 4 5 7 8 |  8.7
Dodging        | 4 5 7 8 |  8.0
Shields        | 4 |  4.0
Shapeshifting  | 8 |  8.7

Action                     |  1- 3 |  4- 6 |  7- 9 | 10-12 || total
---------------------------+-------+-------+-------+-------++-------
  Melee: Unarmed           |    66 |   160 |   216 |   187 ||   629
         Constrict         |    22 |    43 |    56 |    47 ||   168
         Tentacles         |    13 |    38 |    59 |    49 ||   159
         Punch             |     5 |     2 |    17 |    12 ||    36
  Throw: Stone             |       |       |    13 |       ||    13
         Boomerang         |       |       |     2 |     8 ||    10
Ability: Lunge             |       |       |    10 |    37 ||    47
         Whirlwind         |       |       |       |    13 ||    13
         Wall Jump         |       |       |       |     4 ||     4
  Evoke: Wand              |       |       |     2 |    10 ||    12
    Use: Scroll            |     4 |     5 |    10 |     7 ||    26
         Potion            |       |       |     3 |     3 ||     6
   Stab: Sleeping          |     6 |    16 |    21 |     6 ||    49
         Distracted        |       |     1 |       |     1 ||     2
         Confused          |       |       |       |     5 ||     5
 Armour: Skin              |    29 |    51 |    61 |    36 ||   177
  Dodge: Dodged            |    37 |    60 |    99 |    79 ||   275
  Block: Buckler           |    20 |    37 |    48 |    37 ||   142
   Form: Blade             |       |       |       |     1 ||     1
